 Dungeon Crawl Stone Soup version 0.15.2 (webtiles) character file.

340 Zapata the Slicer (level 6, -3/55 HPs)
             Began as a Kobold Berserker on Nov 6, 2014.
             Was an Elder of Trog.
             Slain by a gnoll
             ... wielding a cursed -1 spear
              (9 damage)
             ... on Level 3 of the Dungeon.
             The game lasted 00:06:05 (2879 turns).

Zapata the Slicer (Kobold Berserker)                Turns: 2879, Time: 00:06:05

HP  -3/55        AC  2     Str 21      XL: 6   Next: 86%
MP   6/6         EV 15     Int  5      God: Trog [****..]
Gold 246         SH  0     Dex 17      Spells:  0 memorised,  5 levels left

rFire  . . .     SeeInvis .     a - +2 dagger (drain)
rCold  + . .     Clarity  .     b - +0 animal skin
rNeg   . . .     rCorr    .     (no shield)
rPois  .         rRot     .     (no helmet)
rElec  .         Spirit   .     (no cloak)
SustAb .         Warding  .     (no gloves)
rMut   .         Stasis   .     (no boots)
Gourm  .                        (no amulet)
MR     .....                    (no ring)
                                l - ring of protection from cold

@: berserking, very quick, not resistant to hostile enchantments, extremely
unstealthy
A: carnivore 3
a: Burn Spellbooks, Berserk, Trog's Hand, Brothers in Arms, Renounce Religion


You were on level 3 of the Dungeon.
You worshipped Trog.
Trog was greatly pleased with you.
You were completely stuffed.

You visited 1 branch of the dungeon, and saw 3 of its levels.

You collected 246 gold pieces.

Inventory:

Hand weapons
 a - a +2 dagger of draining (weapon)
 v - a +2 dagger of venom
 w - a +0 short sword
Missiles
 p - 19 bolts
Armour
 b - a +0 animal skin (worn)
 t - a +0 pair of gloves
Magical devices
 s - a wand of cold (5) {unknown}
 u - a wand of disintegration (13) {unknown}
Comestibles
 c - 2 meat rations
 g - 2 beef jerkies
 o - a slice of pizza
Scrolls
 f - 5 scrolls of identify {unknown}
 h - a scroll of magic mapping {unknown}
 i - a scroll of immolation {unknown}
 j - 3 scrolls of remove curse {unknown}
 m - a scroll of enchant weapon {unknown}
 n - 2 scrolls of teleportation {unknown}
Jewellery
 l - a ring of protection from cold (left hand)
Potions
 d - a potion of might {unknown}
 e - 3 potions of curing {unknown}
 k - 5 potions of haste
 q - a potion of heal wounds {unknown}
 r - 2 potions of confusion {unknown}


   Skills:
 - Level 3.2 Fighting
 + Level 9.4 Short Blades
 - Level 1.5 Armour
 - Level 2.4 Dodging


You had 5 spell levels left.
You didn't know any spells.

Dungeon Overview and Level Annotations

Branches:
Dungeon (3/15)

Altars:
Ashenzari
Elyvilon
The Shining One


Innate Abilities, Weirdness & Mutations

You are small and have problems with some larger weapons.
You are carnivorous and can eat meat at any time.


Message History

* * * LOW HITPOINT WARNING * * *
You are too injured to fight recklessly!
You are too injured to fight recklessly!
You are too injured to fight recklessly!
You are too injured to fight recklessly!
Use which ability? (? or * to list)
A red film seems to cover your vision as you go berserk!
You feel yourself moving faster!
You feel mighty!
You feel somewhat less full.
The gnoll hits you from afar with a spear.
* * * LOW HITPOINT WARNING * * *
You hit the gnoll.
The gnoll is severely wounded.
The gnoll hits you with a halberd.
* * * LOW HITPOINT WARNING * * *
You puncture the gnoll!
You feel the power of Trog in you as your rage grows.
You kill the gnoll!
Trog accepts your kill.
The gnoll hits you from afar with a spear!
You die...

#.#######..#.######.##
#..........#.# ##.##
##########.#.#####....
#.........<.....##....
#.######)..#.##.#.....
#........#)#....#.....
#..........#....#.#...
##.####)....#....#.####
#...g)@.....'....#.
#######.....#...#######
#..............#
#.....########'##
#.....# #....
#######.....# #....
#.....'.....# #....
##.####.....# #.... #.#
#.....# #....


You could see a gnoll.

Vanquished Creatures
  The ghost of ztt the Firebug, an average OpFE (D:3)
  2 orc wizards (D:3)
  Jessica (D:2)
  5 adders
  2 gnolls (D:3)
  2 giant mites (D:3)
  A worm (D:2)
  A giant gecko (D:1)
  6 orcs (D:3)
  2 ball pythons
  5 goblins
  8 hobgoblins
  4 jackals (D:1)
  2 quokkas (D:2)
  10 bats
  4 giant cockroaches
  4 giant newts
  12 kobolds
  7 rats
79 creatures vanquished.

Notes
Turn   | Place    | Note
--------------------------------------------------------------
     0 | D:1      | Zapata, the Kobold Berserker, began the quest for the Orb.
     0 | D:1      | Reached XP level 1. HP: 14/14 MP: 1/1
   183 | D:1      | Reached XP level 2. HP: 9/19 MP: 2/2
   602 | D:1      | Reached skill level 5 in Short Blades
   647 | D:1      | Acquired Trog's second power
   712 | D:1      | Reached XP level 3. HP: 15/23 MP: 3/3
  1218 | D:2      | Reached skill level 6 in Short Blades
  1281 | D:2      | Reached XP level 4. HP: 19/28 MP: 4/4
  1299 | D:2      | Noticed Jessica
  1305 | D:2      | Killed Jessica
  1928 | D:2      | Reached skill level 7 in Short Blades
  1928 | D:2      | Reached XP level 5. HP: 24/32 MP: 5/5
  2000 | D:3      | Noticed ztt's ghost (average OpFE)
  2007 | D:3      | Killed ztt's ghost
  2007 | D:3      | Reached skill level 8 in Short Blades
  2007 | D:3      | Reached XP level 6. HP: 37/37 MP: 6/6
  2109 | D:3      | Found a white marble altar of Elyvilon.
  2132 | D:3      | Found a shattered altar of Ashenzari.
  2487 | D:3      | Found a glowing golden altar of the Shining One.
  2565 | D:3      | Acquired Trog's third power
  2678 | D:3      | Reached skill level 9 in Short Blades
  2879 | D:3      | Slain by a gnoll

Action                   |  1- 3 |  4- 6 || total
-------------------------+-------+-------++-------
Melee: Short sword       |   137 |   138 ||   275
       Dagger            |       |     6 ||     6
Invok: Berserk           |     1 |     5 ||     6
 Stab: Sleeping          |     1 |       ||     1
  Eat: Chunk             |     3 |    17 ||    20
